 Dungeon Crawl Stone Soup version 0.24-a0-581-gc0fa6600bf (webtiles) character file.

Game seed: 14234439720104464819

790 Mithandil the Shield-Bearer (level 7, -6/61 HPs)
             Began as a Hill Orc Fighter on Aug 23, 2019.
             Was an Initiate of the Shining One.
             Killed from afar by an orc wizard (8 damage)
             ... with a puff of flame
             ... on level 5 of the Dungeon on Aug 24, 2019.
             The game lasted 00:26:18 (6158 turns).

Mithandil the Shield-Bearer (Hill Orc Fighter)      Turns: 6158, Time: 00:26:19

Health: -6/61      AC: 17    Str: 21    XL:     7   Next: 87%
Magic:  7/7        EV:  6    Int: 11    God:    the Shining One [......]
Gold:   167        SH: 11    Dex: 10    Spells: 6/6 levels left

rFire    . . .     SeeInvis .   a - +1 falchion (protect)
rCold    . . .     Gourm    .   c - +1 shield
rNeg     . . .     Faith    .   h - +0 chain mail
rPois    .         Spirit   .   (no helmet)
rElec    .         Reflect  .   g - +0 cloak
rCorr    .         Harm     .   (no gloves)
MR       .....                  (no boots)
Stlth    ..........             (no amulet)
HPRegen  0.20/turn              r - +3 ring of intelligence
MPRegen  0.10/turn              (no ring)

@: protection aura, glowing
A: no striking features
a: Renounce Religion


You were on level 5 of the Dungeon.
You worshipped the Shining One.
The Shining One was noncommittal.
You were not hungry.

You visited 2 branches of the dungeon, and saw 8 of its levels.
You also visited: Sewer.

You collected 167 gold pieces.

Inventory:

Hand Weapons
 a - a +1 falchion of protection (weapon)
 b - a +0 hunting sling
 d - a +1 short sword of flaming
 p - a +0 spear
 q - a +0 hand axe of chopping
Missiles
 i - 51 sling bullets
 l - 194 stones
 s - 6 boomerangs (quivered)
Armour
 c - a +1 shield (worn)
 g - a +0 cloak (worn)
 h - a +0 chain mail (worn)
Jewellery
 r - a +3 ring of intelligence (left hand)
Scrolls
 e - a scroll of enchant armour
 j - a scroll of remove curse
 k - 3 scrolls of identify
 n - 4 scrolls of teleportation
Potions
 m - a potion of agility
Comestibles
 f - 10 rations


   Skills:
 + Level 5.2 Fighting
 - Level 1.3(3.2) Short Blades
 * Level 5.1(5.2) Long Blades
 - Level 1.8 Throwing
 + Level 4.6 Armour
 + Level 2.0 Dodging
 * Level 5.6 Shields


You had 6 spell levels left.
You didn't know any spells.
Your spell library contained the following spells:

 Spells                   Type           Power        Failure   Level  Hunger
 Sandblast                Erth           #.....       100%        1    ##.....
 Summon Small Mammal      Summ           #...         100%        1    ##.....
 Call Imp                 Summ           #.......     100%        2    ###....
 Passwall                 Tmut/Erth      #.......     100%        2    ###....
 Call Canine Familiar     Summ           #.......     100%        3    ####...
 Stone Arrow              Conj/Erth      #.....       100%        3    ####...
 Summon Guardian Golem    Hex/Summ       #.......     100%        3    ####...
 Petrify                  Tmut/Erth      #.......     100%        4    #####..
 Summon Ice Beast         Ice/Summ       #.......     100%        4    #####..
 Summon Lightning Spire   Summ/Air       #.......     100%        4    #####..
 Lee's Rapid Deconstruct  Erth           #.........   100%        5    ######.


Dungeon Overview and Level Annotations

Branches:
Dungeon (7/15)             Temple (1/1) D:4           Sewer (visited)

Altars:
Ashenzari
Cheibriados
Dithmenos
Hepliaklqana
Kikubaaqudgha
Makhleb
Nemelex Xobeh
Ru
Sif Muna
Trog
Uskayaw
Vehumet
Wu Jian
Xom
Yredelemnul
Zin
The Shining One
Jiyva

Annotations:
D:6 1 transporter


Message History

The orc wizard barely misses you.
You riposte.
You closely miss the orc wizard.
The orc wizard is lightly wounded.
You block the orc's attack. You block the orc wizard's attack.
You slash the orc wizard!
The orc wizard is heavily wounded.
You block the orc wizard's attack. The orc hits you but does no damage.
You hit the orc wizard.
The orc wizard is severely wounded.
The orc wizard hits you but does no damage.
The orc barely misses you.
The orc wizard points at you and mumbles some strange words.
The magic dart hits you.
* * * LOW HITPOINT WARNING * * *
You hit the orc wizard.
The orc wizard is almost dead.
The orc wizard hits you but does no damage.
You block the orc's attack.
The orc wizard points at you and mumbles some strange words.
The puff of flame hits you!
You die...

.......#
....... .
###.....# .#
.......#..#
#..........
##?......#
#..)o....##
#..@.....#
#....o...##
#.....#...$.
##...## ....
##### ... ..
#


You could see an orc wizard and an orc.

Vanquished Creatures
  A phantom (D:5)
  A centaur (D:3)
  2 bullfrogs (Sewer)
  A howler monkey (D:4)
  2 hounds
  2 orc priests
  3 orc wizards
  Jessica (D:3)
  A worker ant (D:4)
  6 adders
  6 worms
  4 dart slugs
  9 leopard geckos
  9 orcs
  2 ball pythons (Sewer)
  6 bats
  14 giant cockroaches
  8 goblins
  8 hobgoblins
  8 jackals
  6 kobolds
  2 quokkas
  12 frilled lizards
  A jackal skeleton (D:2)
  8 rats
123 creatures vanquished.

Notes
Turn   | Place    | Note
-------+----------+-------------------------------------------
     0 | D:1      | Mithandil the Hill Orc Fighter began the quest for the Orb.
     0 | D:1      | Reached XP level 1. HP: 19/19 MP: 1/1
   205 | D:1      | Reached XP level 2. HP: 27/27 MP: 2/2
   707 | D:1      | Reached XP level 3. HP: 33/33 MP: 3/3
  1155 | D:2      | Found an ancient bone altar of Kikubaaqudgha.
  1155 | D:2      | Found a snail-covered altar of Cheibriados.
  1227 | D:2      | Reached XP level 4. HP: 27/40 MP: 4/4
  1230 | D:2      | Reached skill level 1 in Throwing
  1540 | D:2      | Found a glowing silver altar of Zin.
  1540 | D:2      | Found a bloodstained altar of Trog.
  1540 | D:2      | Found a basalt altar of Yredelemnul.
  1619 | D:3      | Noticed Jessica
  1638 | D:3      | Killed Jessica
  1638 | D:3      | Reached XP level 5. HP: 42/46 MP: 5/5
  1736 | D:3      | Reached skill level 1 in Dodging
  1979 | D:3      | Found a glowing drain.
  2001 | Sewer    | Entered a sewer
  2329 | Sewer    | Reached XP level 6. HP: 12/53 MP: 6/6
  3367 | D:3      | Reached skill level 1 in Short Blades
  3507 | D:3      | Reached skill level 5 in Shields
  3507 | D:3      | Reached XP level 7. HP: 38/60 MP: 7/7
  3633 | D:2      | Found a bloodstained altar of Trog.
  4029 | D:2      | Found a shimmering blue altar of Sif Muna.
  4537 | D:3      | Found a burning altar of Makhleb.
  4993 | D:5      | Entered Level 5 of the Dungeon
  5024 | D:6      | Found a transporter.
  5042 | D:6      | Noticed Prince Ribbit
  5095 | D:4      | HP: 3/60 [Prince Ribbit (10)]
  5174 | D:4      | Found a sparkling altar of Nemelex Xobeh.
  5476 | D:4      | Reached skill level 5 in Fighting
  5526 | D:4      | Found a staircase to the Ecumenical Temple.
  5535 | Temple   | Entered the Ecumenical Temple
  5643 | Temple   | Became a worshipper of the Shining One
  5794 | D:5      | Reached skill level 5 in Long Blades
  6157 | D:5      | HP: 1/61 [orc wizard/magic dart (5)]
  6158 | D:5      | Killed from afar by an orc wizard

Levels and vault maps discovered:
D:1:      onia_arrival_mini_spirals, layout_basic, minmay_misc_feat_alley,
          hangedman_decor_clover_reticule
D:2:      lemuel_upstairs_altar, layout_basic, lemuel_blue_sif_altar,
          gammafunk_temple_overflow_wave, gammafunk_temple_overflow_claw,
          first_ration
D:3:      layout_basic, gup_sewer_entry_pipe, serial_corexii_hall,
          corexii_hall_statues_deadend, chequers_hall_statues_wall_a,
          chequers_hall_statues_y, chequers_hall_statues_y, grunt_ministairs_13,
          makhleb_heckhound_becter, uniq_jessica
D:4:      layout_cave_pools, minmay_temple_entry_glassed_door,
          nemelex_spade_bored_becter
D:5:      layout_cave_pools, lemuel_crystal_altar, nicolae_gozag_seed_capital
D:6:      layout_rooms, gammafunk_ghost_stat_death, uniq_prince_ribbit1,
          uniq_menkaure
D:7:      layout_rooms, okawaru_trees_1, grunt_qazlal_sundering
Temple:   pf_slime_end_temple

Skill      XL: |  1  2  3  4  5  6  7 |
---------------+----------------------+-----
Fighting       | 4 5 |  5.2
Throwing       | 1 |  1.8
Long Blades    | 3 4 5 |  5.1
Shields        | 4 5 |  5.6
Dodging        | 1 2 |  2.0
Armour         | 4 |  4.6
Short Blades   | 1 |  1.3

Action                   |  1- 3 |  4- 6 |  7- 9 || total
-------------------------+-------+-------+-------++-------
Melee: Long sword        |    94 |   109 |       ||   203
       Short sword       |       |   163 |    28 ||   191
       Falchion          |       |       |   124 ||   124
 Fire: Hunting sling     |       |       |     6 ||     6
  Use: Potion            |     2 |     6 |     2 ||    10
       Scroll            |     2 |     2 |     5 ||     9
  Eat: Chunk             |     1 |     8 |     5 ||    14
       Ration            |       |       |     1 ||     1
Armor: Scale mail        |    57 |   168 |     7 ||   232
       Chain mail        |       |       |    98 ||    98
Dodge: Dodged            |    42 |    97 |    45 ||   184
Block: Shield            |    54 |   185 |   118 ||   357
       Rpst.: Long sword |    15 |    15 |       ||    30
       Falchion          |       |       |     7 ||     7

Table legend:
 A = Non-vault XP
 B = Vault XP
 C = Vault XP percentage of total XP
 D = Non-vault monster count
 E = Vault monster count
 F = Vault count percentage of total count
                 A         B        C        D         E       F
            +---------+---------+-------+---------+---------+-------
      Total |     814 |     315 |  27.9 |      91 |      32 |  26.0
            +---------+---------+-------+---------+---------+-------
        D:1 |      36 |       0 |   0.0 |      20 |       0 |   0.0
        D:2 |     185 |       2 |   1.1 |      28 |       1 |   3.4
        D:3 |     244 |     102 |  29.5 |      26 |      11 |  29.7
        D:4 |     122 |       0 |   0.0 |      10 |       0 |   0.0
        D:5 |     227 |       0 |   0.0 |       7 |       0 |   0.0
      Sewer |       0 |     211 | 100.0 |       0 |      20 | 100.0
            +---------+---------+-------+---------+---------+-------
